 Dungeon Crawl Stone Soup version 0.19.1 (webtiles) character file.

791 HAWKINGL3623 the Covered (level 7, 0/62 HPs)
             Began as a Deep Dwarf Fighter on Dec 25, 2016.
             Slain by a jelly (1 damage)
             ... on level 5 of the Dungeon on Dec 27, 2016.
             The game lasted 00:26:34 (3699 turns).

HAWKINGL3623 the Covered (Deep Dwarf Fighter)       Turns: 3699, Time: 00:26:35

Health: 0/62       AC: -5    Str: 18 (20) XL:     7   Next: 57%
Magic:  6/6        EV:  8    Int:  6 (8)  God:
Gold:   133        SH:  9    Dex: 13 (14) Spells: 0 memorised, 6 levels left

rFire  . . .     SeeInvis .     o - +1 falchion (holy)
rCold  . . .     Gourm    .     b - +0 scale mail
rNeg   . . .     Faith    .     c - +0 shield
rPois  .         Spirit   .     (no helmet)
rElec  .         Reflect  .     m - +0 cloak
rCorr  .         Harm     .     (no gloves)
MR     +....                    h - +0 pair of boots
Stlth  +.........               (no amulet)
                                (no ring)
                                n - ring of stealth

@: corroded, non-regenerating
A: damage resistance, recharge devices, sense surroundings 1, slow regeneration
3
a: Device Recharging


You were on level 5 of the Dungeon.
You were not hungry.

You visited 1 branch of the dungeon, and saw 5 of its levels.

You collected 133 gold pieces.

Inventory:

Hand Weapons
 i - a +0 hunting sling
 o - a +1 falchion of holy wrath (weapon)
Missiles
 a - 4 tomahawks (quivered)
 g - 122 stones
 t - 19 sling bullets
Armour
 b - a +0 scale mail (worn)
 c - a +0 shield (worn)
 h - a +0 pair of boots (worn)
 m - a +0 cloak (worn)
Jewellery
 n - a ring of stealth (left hand)
Wands
 e - a wand of heal wounds (6/9)
 u - a wand of paralysis (3/24)
Scrolls
 k - 3 scrolls of remove curse
 p - 3 scrolls of magic mapping
 w - a scroll of identify
Potions
 d - 3 potions of might
 l - 3 potions of flight
 q - a potion of brilliance
Comestibles
 f - 3 bread rations
 j - 3 meat rations
 r - a beef jerky
 s - a royal jelly
 v - a slice of pizza


   Skills:
 + Level 3.5 Fighting
 + Level 4.2 Long Blades
 + Level 3.4(3.7) Slings
 + Level 1.3(2.3) Throwing
 + Level 5.7 Armour
 + Level 2.1 Dodging
 + Level 0.3 Stealth
 + Level 4.6 Shields
 + Level 1.0 Evocations


You had 6 spell levels left.
You didn't know any spells.

Dungeon Overview and Level Annotations

Branches:
Dungeon (5/15)
 Temple: D:4-7

Altars:

Shops:
D:4 :


Innate Abilities, Weirdness & Mutations

You are resistant to damage.
You can recharge devices by infusing magical energy.
You passively map a small area around you.
You do not regenerate.


Message History

The jelly is severely wounded.
The jelly hits you.
* * * LOW HITPOINT WARNING * * *
The acid corrodes you!
You are splashed with acid!
The acid burns!
* * * LOW HITPOINT WARNING * * *
There is an open door here.
You hit the jelly but do no damage.
Your hands burn!
The jelly is severely wounded.
You block the jelly's attack.
You hit the jelly.
Your hands burn!
The jelly is almost dead.
The jelly hits you.
* * * LOW HITPOINT WARNING * * *
You are splashed with acid!
The acid burns!
* * * LOW HITPOINT WARNING * * *
You hit the jelly. The acid corrodes you!
Your hands burn!
* * * LOW HITPOINT WARNING * * *
The jelly is almost dead.
The jelly hits you.
You die...

, #...### ,.# ,,, , #...#.#
*#.# * ** , ,+.....# #.# *
** ###.....####.## , , ,
#...##....##..# *
#########...##........# *,
,............##........#
*.########....#..#<.......##
........'J@..+..##.####...#
*
#########....#.....####...#
########....##.##.........
#.....#####.[..##.#####...
#.###.# ##### #.# ##.. #.#
#.# #######.# #.. #.# #.#
#.......# #.. #.#
#.#####..)....# #.. #.#
#........†....# ##.


You could see a jelly.

Vanquished Creatures
  Eustachio (D:4)
  Duvessa (D:4)
  2 ogres
  Dowan (D:4)
  An orc wizard (D:3)
  An iguana (D:4)
  3 worker ants
  A hound skeleton (D:4)
  4 adders
  4 gnolls (D:4)
  2 shadow imps (D:5)
  An adder skeleton (D:4)
  A dart slug (D:2)
  3 leopard geckos
  11 orcs
  2 giant cockroaches
  6 goblins
  13 hobgoblins
  18 kobolds
  A quokka (D:4)
  A ball python (D:3)
  10 bats
  5 frilled lizards
  11 rats
104 creatures vanquished.

Notes
Turn   | Place    | Note
-------+----------+-------------------------------------------
     0 | D:1      | HAWKINGL3623 the Deep Dwarf Fighter began the quest for the Orb.
     0 | D:1      | Reached XP level 1. HP: 20/20 MP: 1/1
   154 | D:1      | Reached XP level 2. HP: 25/27 MP: 2/2
   934 | D:2      | Reached XP level 3. HP: 30/33 MP: 3/3
  1367 | D:2      | Found a faded altar of an unknown god.
  1491 | D:2      | Reached skill level 1 in Slings
  1829 | D:3      | Reached XP level 4. HP: 38/40 MP: 4/4
  1884 | D:3      | Reached skill level 4 in Armour
  2104 | D:3      | Reached XP level 5. HP: 42/49 MP: 5/5
  2402 | D:3      | Reached skill level 1 in Throwing
  2823 | D:4      | Found Purphux's Book Emporium.
  2883 | D:4      | Noticed Eustachio
  2947 | D:4      | Killed Eustachio
  2947 | D:4      | Reached skill level 1 in Dodging
  2947 | D:4      | Reached XP level 6. HP: 30/56 MP: 6/6
  3112 | D:4      | Reached skill level 5 in Armour
  3346 | D:4      | Noticed Dowan
  3347 | D:4      | Noticed Duvessa
  3392 | D:4      | Killed Duvessa
  3392 | D:4      | Reached XP level 7. HP: 54/62 MP: 7/7
  3444 | D:4      | Killed Dowan
  3516 | D:5      | Entered Level 5 of the Dungeon
  3530 | D:5      | Reached skill level 1 in Evocations
  3698 | D:5      | HP: 3/62 [acid (4)]
  3699 | D:5      | HP: 1/62 [acid (2)]
  3699 | D:5      | Slain by a jelly

Skill      XL: |  1  2  3  4  5  6  7 |
---------------+----------------------+-----
Slings         | 1 2 3 |  3.4
Fighting       | 3 |  3.5
Armour         | 4 5 |  5.7
Throwing       | 1 |  1.3
Long Blades    | 3 4 |  4.2
Dodging        | 1 2 |  2.1
Shields        | 4 |  4.6
Evocations     | 1 |  1.0
Stealth        | |  0.3

Action                   |  1- 3 |  4- 6 |  7- 9 || total
-------------------------+-------+-------+-------++-------
Melee: Long sword        |   122 |    95 |       ||   217
       Falchion          |       |   104 |    58 ||   162
 Fire: Hunting sling     |    50 |    27 |    21 ||    98
Throw: Stone             |    56 |       |       ||    56
       Tomahawk          |     2 |    27 |     4 ||    33
 Abil: Device Recharging |       |       |     1 ||     1
Evoke: Wand              |       |     9 |     4 ||    13
  Use: Potion            |     5 |     2 |     1 ||     8
       Scroll            |     3 |     5 |     1 ||     9
  Eat: Chunk             |     2 |     2 |     1 ||     5
       Bread ration      |     1 |       |       ||     1
Armor: Scale mail        |    55 |    95 |    19 ||   169
Dodge: Dodged            |    52 |    83 |    22 ||   157
Block: Shield            |    81 |   104 |    31 ||   216
       Rpst.: Long sword |    15 |    15 |       ||    30
       Falchion          |       |     6 |     6 ||    12
